 Dungeon Crawl Stone Soup version 0.31.0-9-g3a7656b989 (webtiles) character file.

Game seed: 14969345189652341030

79 qw the Shooter (level 4, -2/25 HPs)
             Began as a Deep Elf Hunter on Feb 2, 2024.
             Slain by a gnoll
             ... wielding a +0 club
              (4 damage)
             ... on level 3 of the Dungeon.
             The game lasted 00:00:09 (2293 turns).

qw the Shooter (Deep Elf Hunter)                    Turns: 2293, Time: 00:00:09

Health: -2/25      AC:  6    Str: 10    XL:     4   Next: 16%
Magic:  6/6        EV: 11    Int: 14    God:
Gold:   166        SH:  0    Dex: 18    Spells: 3/3 levels left

rFire   . . .        a - +0 shortbow
rCold   . . .        (shield currently unavailable)
rNeg    . . .        g - +0 ring mail
rPois   .            (no helmet)
rElec   .            e - +0 cloak
rCorr   .            (no gloves)
SInv    .            (no boots)
Will    .....        (no amulet)
Stlth   +            (no ring)
HPRegen 0.24/turn    (no ring)
MPRegen 0.10/turn

%: no passive effects
@: about to teleport
A: no striking features
a: no special abilities


You were on level 3 of the Dungeon.
You visited 1 branch of the dungeon, and saw 3 of its levels.

You collected 166 gold pieces.


   Skills:
 - Level 1.5 Fighting
 + Level 7.6 Ranged Weapons
 - Level 2.4 Dodging
 - Level 1.2 Stealth


You had 3 spell levels left.
You didn't know any spells.
Your spell library was empty.

Inventory:

Hand Weapons
 a - a +0 shortbow (weapon)
Armour
 c - a +0 helmet
 e - a +0 cloak (worn)
 g - a +0 ring mail (worn)
Jewellery
 d - an amulet of faith
Scrolls
 b - 2 scrolls of teleportation
Potions
 i - 2 potions of curing

Dungeon Overview and Level Annotations

Branches:
Dungeon (3/15)

Altars:


Message History

You shoot an arrow. The arrow barely misses the kobold.
The kobold throws a stone.
The stone hits you.
2273 ||| FLEEEEING.
You shoot an arrow.
The arrow hits the kobold but does no damage.
You shoot an arrow. The arrow hits the kobold.
The kobold is severely wounded.
The kobold throws a stone.
The stone barely misses you.
You shoot an arrow. The arrow barely misses the kobold.
You shoot an arrow. The arrow hits the kobold.
You kill the kobold!
You start resting.
HP restored. 2 gnolls come into view.
The gnoll shouts!
You hear a shout! x2
You shoot an arrow. The gnoll shouts!
The arrow hits the gnoll!
The gnoll is heavily wounded.
A gnoll comes into view. It is wielding a +0 club.
The gnoll hits you from afar with a +0 spear. x2
The gnoll moves out of view.
You shoot an arrow. The arrow completely misses the gnoll.
The gnoll hits you but does no damage.
You shoot an arrow. The arrow hits the gnoll.
The gnoll is severely wounded.
The gnoll hits you from afar with a +0 spear.
You shoot an arrow. The arrow hits the gnoll!
You kill the gnoll!
A gnoll comes into view. It is wielding a +0 spear.
You shoot an arrow. The arrow hits the gnoll.
The gnoll is lightly wounded.
You shoot an arrow. The arrow barely misses the gnoll.
The gnoll hits you with a +0 club. x2
The gnoll hits you from afar with a +0 halberd!
2293 ||| READING 3 scrolls of teleportation.
As you read the scroll of teleportation, it crumbles to dust.
You feel strangely unstable. The gnoll hits you with a +0 club.
You die...

###
################<#####
.....................#
################.###.#
#@# #.# #### #g# #.#
.... ..g #.# ####
##.#g#)# .# #.#.#.# .#
#.# #.# #.# .# #.# #.#
#.# .# #.# ..# #.# .#
#.#


You could see 3 gnolls.

Vanquished Creatures
  A gnoll (D:3)
  An adder (D:2)
  A dart slug (D:1)
  An orc (D:3)
  7 ball pythons
  9 endoplasms
  3 giant cockroaches
  5 goblins
  5 hobgoblins
  5 kobolds
  A quokka (D:1)
  3 bats (D:1)
  3 frilled lizards
  7 rats
52 creatures vanquished.

Notes
Turn   | Place    | Note
-------+----------+-------------------------------------------
     0 | D:1      | qw the Deep Elf Hunter began the quest for the Orb.
     0 | D:1      | Reached XP level 1. HP: 12/12 MP: 3/3
     0 | D:1      | 0 ||| qw: Version: 0.3-a-155-g5e7d8dd
     0 | D:1      | 0 ||| qw: Game counter: 1819
     0 | D:1      | 0 ||| qw: Melee chars always use a shield: true
     0 | D:1      | 0 ||| qw: God list: Okawaru
     0 | D:1      | 0 ||| qw: Allow faded altars: false
     0 | D:1      | 0 ||| qw: Do Orc after clearing Dungeon:15 true
     0 | D:1      | 0 ||| qw: Do second Lair branch before Depths: true
     0 | D:1      | 0 ||| qw: Lair rune preference: random
     0 | D:1      | 0 ||| qw: Goals: Normal
     0 | D:1      | 0 ||| PLANNING D:1-11
   161 | D:1      | Reached XP level 2. HP: 16/16 MP: 4/4
   172 | D:1      | Reached skill level 6 in Ranged Weapons
   884 | D:1      | 884 ||| UPGRADING to +0 cloak.
   889 | D:1      | 889 ||| READING scroll labelled OKHLEL YPSIDE.
   889 | D:1      | 889 ||| IDENTIFYING 3 ruby potions
   890 | D:1      | 890 ||| READING scroll labelled BEBUID BOCA.
   991 | D:1      | 991 ||| READING scroll labelled ICHEOR LICSA.
   992 | D:1      | 992 ||| READING scroll labelled KAWNOC RUTY.
   993 | D:1      | 993 ||| DROPPING scroll of butterflies.
   994 | D:1      | HP: 3/16 [poisoned by you (poison gas)]
   995 | D:1      | 995 ||| Stepping ~*~*~tactically~*~*~ (cloud).
   995 | D:1      | HP: 1/16 [poisoned by you (poison gas)]
   996 | D:1      | 996 ||| DRINKING 3 potions of curing.
   996 | D:1      | 996 ||| (to cure poison)
  1110 | D:2      | Reached XP level 3. HP: 20/20 MP: 5/5
  1540 | D:2      | Reached skill level 7 in Ranged Weapons
  1551 | D:2      | Found a faded altar of an unknown god.
  1855 | D:2      | 1855 ||| UPGRADING to +0 ring mail.
  1865 | D:2      | 1865 ||| DROPPING +0 leather armour.
  1866 | D:2      | 1866 ||| READING 2 scrolls of identify.
  1866 | D:2      | 1866 ||| IDENTIFYING murky amethyst potion
  1867 | D:2      | 1867 ||| READING scroll of identify.
  1867 | D:2      | 1867 ||| IDENTIFYING 2 scrolls labelled WUVE BUMI OLEB
  1868 | D:2      | 1868 ||| DROPPING potion of attraction.
  1895 | D:3      | 1895 ||| STAIRDANCE
  2043 | D:3      | Noticed a centaur
  2116 | D:3      | Reached XP level 4. HP: 25/25 MP: 6/6
  2273 | D:3      | 2273 ||| FLEEEEING.
  2292 | D:3      | HP: 2/25 [gnoll/+0 halberd (8)]
  2293 | D:3      | 2293 ||| READING 3 scrolls of teleportation.
  2293 | D:3      | Slain by a gnoll

Levels and vault maps discovered:
D:1:      dpeg_arrival_connections, layout_basic
D:2:      layout_basic, hellmonk_ecumenical_altar_inner_sanctum,
          wander_ebering_terrifying_dragon_lair
D:3:      layout_basic, lightli_corner_chamber

Skill      XL: |  1  2  3 |
---------------+----------+-----
Ranged Weapons | 6 7 |  7.6
Fighting       | |  1.5
Dodging        | |  2.4
Stealth        | |  1.2

Action                     |  1- 3 |  4- 6 || total
---------------------------+-------+-------++-------
   Fire: Shortbow          |   124 |    12 ||   136
    Use: Scroll            |     6 |     1 ||     7
         Potion            |     1 |       ||     1
 Armour: Leather armour    |    12 |       ||    12
         Ring mail         |       |    10 ||    10
  Dodge: Dodged            |    20 |     2 ||    22

Table legend:
 A = Non-vault XP
 B = Vault XP
 C = Vault XP percentage of total XP
 D = Non-vault monster count
 E = Vault monster count
 F = Vault count percentage of total count
                 A         B        C        D         E       F
            +---------+---------+-------+---------+---------+-------
      Total |     112 |       1 |   0.9 |      51 |       1 |   1.9
            +---------+---------+-------+---------+---------+-------
        D:1 |      37 |       0 |   0.0 |      22 |       0 |   0.0
        D:2 |      41 |       1 |   2.4 |      17 |       1 |   5.6
        D:3 |      34 |       0 |   0.0 |      12 |       0 |   0.0
            +---------+---------+-------+---------+---------+-------
